 Dungeon Crawl Stone Soup version 0.31.0-11-ge490571c62 (webtiles) character file.

Game seed: 6990109601412867172

7930 Tagedieb the Covert (level 11, -13/71 HPs)
             Began as a Kobold Enchanter on Feb 7, 2024.
             Was a Believer of Wu Jian.
             Mangled by a two-headed ogre
             ... wielding a +0 giant spiked club
              (22 damage)
             ... on level 10 of the Dungeon on Feb 8, 2024.
             The game lasted 00:35:23 (11316 turns).

Tagedieb the Covert (Kobold Enchanter)             Turns: 11316, Time: 00:35:24

Health: -13/71     AC: 11    Str:  6    XL:     11   Next: 46%
Magic:  12/27      EV: 15    Int: 16    God:    Wu Jian [**....]
Gold:   342        SH:  5    Dex: 20    Spells: 6/19 levels left

rFire   . . .        d - +2 short sword (elec)
rCold   . . .        (no shield)
rNeg    + . .        m - +2 leather armour of Sufeawes {Rampage}
rPois   .            S - +1 helmet
rElec   .            x - +0 cloak
rCorr   .            Q - +2 pair of gloves {infuse}
SInv    .            (no boots)
Will    .....        G - amulet of reflection
Stlth   ++++++       H - ring of positive energy
HPRegen 0.31/turn    E - ring of magical power
MPRegen 0.20/turn

%: reflection, rampage, infuse magic (1 MP)
@: no status effects
A: small, no large weapons, nightstalker 3
a: Renounce Religion, Wall Jump


You were on level 10 of the Dungeon.
You worshipped Wu Jian.
Wu Jian was pleased with you.
You visited 2 branches of the dungeon, and saw 12 of its levels.
You also visited: Bailey.

You collected 690 gold pieces.
You spent 348 gold pieces at shops.

Inventory:

Hand Weapons
 a - a +1 dagger
 d - a +2 short sword of electrocution (weapon)
 e - a +1 demon whip of venom
 C - a +1 dagger of draining
 D - a +4 hand axe of flaming
 N - a +2 short sword of venom
Missiles
 h - a curare-tipped dart
 z - 18 poisoned darts (quivered)
Armour
 m - the +2 leather armour of Sufeawes (worn) {Rampage}
   (You found it on level 6 of the Dungeon)

   Rampage:   It bestows one free step when moving towards enemies.
 r - a scarf of harm
 x - a +0 cloak (worn)
 y - a +1 pair of gloves
 Q - a +2 pair of gloves of infusion (worn)
 S - a +1 helmet (worn)
Jewellery
 n - a ring of resist corrosion
 E - a ring of magical power (right hand)
 G - an amulet of reflection (around neck)
 H - a ring of positive energy (left hand)
 L - a ring of protection from fire
Wands
 b - a wand of charming (8)
 k - a wand of mindburst (21)
 B - a wand of flame (11)
Scrolls
 i - a scroll of amnesia
 o - a scroll of noise
 p - 2 scrolls of enchant armour
 q - a scroll of acquirement {unknown}
 w - 3 scrolls of teleportation
 A - 3 scrolls of fear
 F - a scroll of immolation {unknown}
 I - a scroll of torment
 M - 3 scrolls of fog
 P - 2 scrolls of vulnerability
 T - a scroll of brand weapon {unknown}
Potions
 c - 2 potions of invisibility
 f - 3 potions of attraction
 g - 3 potions of enlightenment
 j - 2 potions of curing
 l - a potion of resistance {unknown}
 s - a potion of magic {unknown}
 t - 5 potions of haste
 u - 2 potions of lignification
 v - 2 potions of brilliance
 J - a potion of might {unknown}
 K - a potion of mutation {unknown}
 R - a potion of heal wounds
Miscellaneous
 O - a tin of tremorstones (2/2)


   Skills:
 * Level 9.4 Fighting
 + Level 10.0 Short Blades
 - Level 0.4 Throwing
 - Level 0.1 Armour
 + Level 3.5 Dodging
 + Level 12.5 Stealth
 - Level 0.2 Shields
 + Level 4.6 Spellcasting
 - Level 2.0 Conjurations
 + Level 8.0 Hexes
 - Level 2.0 Translocations
 - Level 1.0 Ice Magic


You had 6 spell levels left.
You knew the following spells:

 Your Spells              Type           Power      Damage    Failure   Level
a - Ensorcelled Hibernat  Hex/Ice        36%        N/A       6%          2
b - Confusing Touch       Hex            29%        N/A       2%          3
c - Tukima's Dance        Hex            29%        N/A       2%          3
d - Dazzling Flash        Conj/Hex       38%        N/A       10%         3
e - Blink                 Tloc           20%        N/A       16%         2

Your spell library contained the following spells:

 Spells                   Type           Power      Damage    Failure   Level
 Slow                     Hex            100%       N/A       1%          1
 Sigil of Binding         Hex            29%        N/A       2%          3
 Shock                    Conj/Air       24%        1d4       16%         1
 Gell's Gravitas          Tloc           10%        N/A       32%         3
 Mercury Vapours          Alch/Air       6%         N/A       36%         2
 Mephitic Cloud           Conj/Alch/Air  5%         N/A       50%         3
 Summon Ice Beast         Ice/Summ       5%         N/A       52%         3
 Vampiric Draining        Necr           3%         2d6       58%         3
 Summon Mana Viper        Hex/Summ       16%        N/A       78%         5
 Olgreb's Toxic Radiance  Alch           3%         N/A       94%         4
 Freezing Cloud           Conj/Ice/Air   3%         6-21      99%         5
 Starburst                Conj/Fire      3%         6d3       100%        6
 Monstrous Menagerie      Summ           1%         N/A       100%        7
 Ozocubu's Refrigeration  Ice            3%         4d8       100%        7
 Discord                  Hex            14%        N/A       100%        8


Dungeon Overview and Level Annotations

Branches:
Dungeon (11/15)            Temple (1/1) D:7            Lair (0/5) D:8
 Bailey (visited)
    Orc: D:9-12

Altars:
Ashenzari
Dithmenos
Elyvilon
Fedhas
Hepliaklqana
Kikubaaqudgha
Nemelex Xobeh
Okawaru
Ru
Sif Muna
Trog
Uskayaw
Vehumet
Wu Jian
Xom
Yredelemnul
Zin
The Shining One

Shops:
D:4 [   D:8 [   D:9 *

Annotations:
D:4 2 transporters


Innate Abilities, Weirdness & Mutations

You are small and have problems with some larger weapons.
You are completely attuned to the shadows.


Message History

Casting: Dazzling Flash (dangerous; 10% risk of failure)
Confirm with . or Enter, or press ? or * to list all spells.
Aiming: Tukima's Dance (mildly dangerous; 2% risk of failure)
Press: ? - help, Shift-Dir - straight line, f - two-headed ogre
Aim: a two-headed ogre, wielding a +0 giant spiked club and a +0 giant club (wandering, hasn't noticed you, chance to affect: 41%)
The +0 giant club dances into the air!
Casting: Tukima's Dance (mildly dangerous; 2% risk of failure)
Confirm with . or Enter, or press ? or * to list all spells.
Aiming: Tukima's Dance (mildly dangerous; 2% risk of failure)
Press: ? - help, Shift-Dir - straight line, f/p - two-headed ogre
Aim: a two-headed ogre, wielding a +0 giant spiked club (ally target, chance to affect: 41%)
The two-headed ogre resists with some effort.
Casting: Tukima's Dance (mildly dangerous; 2% risk of failure)
Confirm with . or Enter, or press ? or * to list all spells.
Your hands begin to glow red.
You completely miss the two-headed ogre.
The two-headed ogre hits you with a +0 giant spiked club!! x2
You hit the two-headed ogre but do no damage.
You hit the two-headed ogre but do no damage.
You hit the two-headed ogre but do no damage.
The two-headed ogre hits you with a +0 giant spiked club!
* * * LOW HITPOINT WARNING * * *
The two-headed ogre misses you.
You hit the two-headed ogre but do no damage.
You punch the two-headed ogre, but do no damage.
Your +0 giant club hits the two-headed ogre!!
The two-headed ogre attacks as it pursues you!
The two-headed ogre misses you.
The two-headed ogre hits you with a +0 giant spiked club.
* * * LOW HITPOINT WARNING * * *
You hit the two-headed ogre but do no damage.
The two-headed ogre is heavily wounded.
You hit the two-headed ogre but do no damage.
The two-headed ogre appears confused.
The two-headed ogre is heavily wounded.
You hit the two-headed ogre.
The two-headed ogre is heavily wounded.
The two-headed ogre misses you.
The two-headed ogre hits you with a +0 giant spiked club!!
You die...

#.............#.....#....# #....>
#..########...#.....#....###.....
...# #...#.....##.)......... ...#
#...#......#(.......... ...#
#...#......#...........
...########...#......#...........
..............'...##'#...........
....######....#####..............
....# #.....O@................
....# #####(####....####'#####
....# ........#....#.........
....# ....(...#....#......... .
........#....#......... .
........#....#......... .
#....#......... #....#.........
#....#......###


You could see a two-headed ogre (confused, ally target) and a friendly +0 giant
club.

Vanquished Creatures
  Erolcha (D:9)
  Amaemon (D:9)
  An orange demon (D:9)
  A rime drake (D:8)
  A polar bear (D:8)
  A wyvern (D:9)
  3 yaks (D:9)
  Grum (D:8)
  A steam dragon (D:7)
  2 water moccasins (D:6)
  An acid dragon (D:9)
  4 black bears
  7 orc warriors
  5 ice beasts
  An ogre (D:6)
  3 centaurs
  5 wolves (D:8)
  A weeping skull (D:4)
  2 kobold brigands
  2 bullfrogs (D:6)
  A gnoll sergeant (D:8)
  5 scorpions
  5 wights (D:9)
  4 killer bees (D:10)
  5 howler monkeys
  12 orc priests
  3 bombardier beetles
  5 hounds
  A sleepcap (D:6)
  5 iguanas
  Ijyb (D:3)
  7 orc wizards
  7 gnolls
  8 adders
  2 white imps
  An ufetubus (D:7)
  A dart slug (D:3)
  3 ribbon worms
  55 orcs
  5 endoplasms
  7 giant cockroaches
  5 hobgoblins
  2 jackals
  7 quokkas
  7 ball pythons
  6 bats
  2 frilled lizards
  10 goblins
  15 kobolds
  5 rats
  A spectral orc (D:4)
247 creatures vanquished.

Vanquished Creatures (collateral kills)
  2 orcs (D:3)
2 creatures vanquished.

Vanquished Creatures (others)
  A dancing weapon (Bailey)
  A bombardier beetle (D:5)
2 creatures vanquished.

Grand Total: 251 creatures vanquished

Notes
Turn   | Place    | Note
-------+----------+-------------------------------------------
     0 | D:1      | Tagedieb the Kobold Enchanter began the quest for the Orb.
     0 | D:1      | Reached XP level 1. HP: 10/10 MP: 3/3
   132 | D:1      | Reached skill level 1 in Fighting
   156 | D:1      | Reached XP level 2. HP: 16/16 MP: 5/5
   159 | D:1      | Learned a level 2 spell: Ensorcelled Hibernation
   400 | D:1      | Found a faded altar of an unknown god.
   527 | D:1      | Reached XP level 3. HP: 20/21 MP: 1/6
   617 | D:1      | Reached skill level 5 in Stealth
   882 | D:5      | Entered Level 5 of the Dungeon
   889 | D:5      | Reached XP level 4. HP: 27/27 MP: 7/7
   893 | D:5      | Learned a level 3 spell: Confusing Touch
   893 | D:5      | Noticed a scorpion
   922 | D:5      | Killed a scorpion
   923 | D:5      | Reached XP level 5. HP: 4/32 MP: 1/8
  1137 | D:4      | Learned a level 3 spell: Tukima's Dance
  1584 | D:2      | Found a blossoming altar of Fedhas.
  2336 | D:3      | Noticed Ijyb
  2340 | D:3      | Killed Ijyb
  2383 | D:3      | Reached skill level 1 in Ice Magic
  2383 | D:3      | Reached XP level 6. HP: 37/37 MP: 8/10
  2821 | D:3      | Reached skill level 6 in Stealth
  3060 | D:4      | Found Taor's Armour Shop.
  3064 | D:4      | Bought a +0 helmet for 63 gold pieces
  3383 | D:3      | Reached XP level 7. HP: 42/42 MP: 11/11
  3438 | D:3      | Learned a level 3 spell: Dazzling Flash
  3777 | D:4      | Got the Vellum of Flashy Shifting
  3881 | D:4      | Found a sacrificial altar of Ru.
  3914 | D:4      | Found a transporter.
  3922 | D:4      | Found a transporter.
  4141 | D:4      | Found a basalt altar of Yredelemnul.
  4225 | D:4      | HP: 1/42 [iguana (6)]
  4699 | D:5      | Reached skill level 7 in Stealth
  4900 | D:5      | Reached XP level 8. HP: 22/48 MP: 13/13
  4903 | D:5      | Learned a level 2 spell: Blink
  5012 | D:5      | Reached skill level 5 in Short Blades
  5021 | D:5      | Reached skill level 8 in Stealth
  5620 | D:7      | Found a flagged portal.
  5628 | Bailey   | Entered a bailey
  5669 | Bailey   | Reached skill level 9 in Stealth
  5849 | Bailey   | Reached skill level 5 in Fighting
  6062 | Bailey   | Reached XP level 9. HP: 32/54 MP: 8/15
  6140 | Bailey   | Learned a level 3 spell: Sigil of Binding
  6156 | Bailey   | Reached skill level 10 in Stealth
  6271 | D:7      | Reached skill level 5 in Hexes
  7050 | D:7      | Found a staircase to the Ecumenical Temple.
  7061 | Temple   | Entered the Ecumenical Temple
  7070 | Temple   | Became a worshipper of the Wu Jian Council
  7497 | D:6      | Reached XP level 10. HP: 63/63 MP: 16/16
  7613 | D:6      | Reached * piety under Wu Jian
  7878 | D:6      | Identified the +2 leather armour of Sufeawes {Rampage}
  8464 | D:8      | Noticed Grum
  8468 | D:8      | Reached skill level 1 in Translocations
  8481 | D:8      | Killed Grum
  8759 | D:8      | Found a staircase to the Lair.
  9088 | D:8      | Noticed a rime drake
  9098 | D:8      | Killed a rime drake
  9099 | D:8      | Reached skill level 1 in Conjurations
  9304 | D:8      | Reached ** piety under Wu Jian
  9470 | D:8      | Found Naruang's Antique Armour Shoppe.
  9474 | D:8      | Bought a pair of embroidered gloves for 210 gold pieces
  9555 | D:9      | Found Fuinn's General Store.
  9572 | D:9      | Bought a potion of heal wounds for 75 gold pieces
  9783 | D:9      | Noticed Amaemon
  9784 | D:9      | Noticed an orange demon
  9785 | D:9      | Killed Amaemon
  9786 | D:9      | Reached skill level 11 in Stealth
  9786 | D:9      | Reached XP level 11. HP: 69/69 MP: 17/17
  9829 | D:10     | Entered Level 10 of the Dungeon
  9935 | D:9      | Noticed Erolcha
  9937 | D:9      | Killed Erolcha
  9938 | D:9      | Reached skill level 12 in Stealth
 11196 | D:10     | Reached skill level 10 in Short Blades
 11303 | D:10     | Noticed a two-headed ogre
 11316 | D:10     | Mangled by a two-headed ogre

Illustrated notes

Levels and vault maps discovered:
D:1:      dpeg_arrival_brainrot, layout_basic,
          shapermc_ecumenical_altar_mp_urbaneastern, minmay_pentomino_w2
D:2:      layout_basic, basic_altar
D:3:      layout_loops_cross, minmay_joined_circles, uniq_ijyb
D:4:      gammafunk_steamed_eel, layout_basic, nicolae_ru_awakened_eye,
          yredelemnul_forgotten_temple_becter, serial_shops, shop
D:5:      layout_gridville, minmay_misc_feat_four_crosses
D:6:      layout_basic, minmay_fractal_squares_diagonal_5
D:7:      layout_rooms, minmay_temple_entry_drinking_statues, enter_bailey_2,
          serial_demonic, serial_demonic_d, serial_demonic_g, serial_demonic_c,
          serial_demonic_g
D:8:      layout_basic, hellmonk_lair_entry_icy, serial_shops,
          nicolae_shop_back_alley_shop, uniq_grum
D:9:      layout_basic, serial_shops, nicolae_shop_rolling_square,
          hangedman_decor_diamond_cutter, uniq_amaemon, uniq_erolcha
D:10:     layout_irregular_city, nicolae_overflow_quartered_altars,
          mainiacjoe_overflow_six_doors_small, hiddenorc1_lemuel,
          disabler_island
D:11:     layout_long_grid, uniq_lodul
Temple:   bh_familiar_temple

Skill      XL: |  1  2  3  4  5  6  7  8  9 10 11 |
---------------+----------------------------------+-----
Fighting       | 1 2 3 4 5 7 8 9 |  9.4
Stealth        | 5 6 7 9 10 11 12 | 12.5
Short Blades   | 2 3 4 5 7 9 10 | 10.0
Ice Magic      | 1 |  1.0
Spellcasting   | 3 4 |  4.6
Hexes          | 4 6 7 8 |  8.0
Translocations | 2 |  2.0
Conjurations   | 2 |  2.0
Dodging        | 3 |  3.5
Throwing       | |  0.4
Armour         | |  0.1
Shields        | |  0.2

Action                     |  1- 3 |  4- 6 |  7- 9 | 10-12 || total
---------------------------+-------+-------+-------+-------++-------
  Melee: Dagger            |    73 |   157 |   203 |       ||   433
         Punch             |       |     4 |     6 |     5 ||    15
         Short sword       |       |       |   215 |   277 ||   492
  Throw: Dart              |       |       |     3 |       ||     3
   Cast: Ensorcelled Hiber |     4 |     2 |     1 |       ||     7
         Confusing Touch   |       |     3 |    17 |     6 ||    26
         Tukima's Dance    |       |     1 |     8 |     3 ||    12
         Dazzling Flash    |       |       |     4 |     5 ||     9
         Blink             |       |       |     1 |       ||     1
         Sigil of Binding  |       |       |     1 |       ||     1
Ability: Lunge             |       |       |     7 |    38 ||    45
         Whirlwind         |       |       |       |    44 ||    44
    Use: Potion            |       |     2 |     2 |       ||     4
         Scroll            |       |       |    11 |     8 ||    19
   Stab: Sleeping          |    17 |    23 |    28 |    23 ||    91
         Invisible         |       |     1 |     6 |     4 ||    11
         Confused          |       |     1 |    14 |     6 ||    21
         Distracted        |       |     1 |     4 |     2 ||     7
 Armour: Robe              |    22 |    50 |   135 |       ||   207
         Leather armour    |       |       |       |    78 ||    78
  Dodge: Dodged            |    52 |    82 |   223 |    82 ||   439
  Block: Other             |       |       |    69 |    29 ||    98
         Reflection        |       |       |     2 |     1 ||     3
